 Dungeon Crawl Stone Soup version 0.32-a0-975-g85d4e5bfdb (webtiles) character file.

Game seed: 10815404782531508523

112 jasper the Sneak (level 4, -6/60 HPs)
             Began as a Naga Wanderer on Apr 18, 2024.
             Was a High Priest of Ignis.
             Killed by divine providence
             ... invoked by an orc priest
              (11 damage)
             ... on level 3 of the Dungeon.
             The game lasted 00:05:40 (2733 turns).

jasper the Sneak (Naga Wanderer)                    Turns: 2733, Time: 00:05:40

Health: -6/60      AC: 12    Str: 16    XL:     4   Next: 93%
Magic:  5/5        EV:  6    Int: 14    God:    Ignis [*****.]
Gold:   67         SH:  3    Dex:  9    Spells: 5/5 levels left

rFire   + + .        a - +1 short sword
rCold   + . .        o - +0 buckler
rNeg    . . .        l - +0 ring mail
rPois   +            (no helmet)
rElec   .            k - scarf {rC+ rF+}
rCorr   .            (no gloves)
SInv    +            (no barding)
Will    .....        (no amulet) Stlth
                     (no ring)
HPRegen 0.30/turn    (no ring)
MPRegen 0.09/turn

%: no passive effects
@: brilliant, berserking, fiery-armoured, quick
A: AC +1, large, see invisible, deformed body, poison resistance, slowness 2,
spit poison 1, naga tail 1, iridescent scales 1, mutation resistance 1,
inability to read after injury 1
a: Spit Poison, Renounce Religion, Fiery Armour, Foxfire Swarm, Rising Flame


You were on level 3 of the Dungeon.
You worshipped Ignis.
Ignis was extremely pleased with you.
You visited 1 branch of the dungeon, and saw 3 of its levels.

You collected 116 gold pieces.
You spent 49 gold pieces at shops.

Inventory:

Hand Weapons
 a - a +1 short sword (weapon)
 c - a +0 dagger
 p - a +0 flail of protection
Missiles
 b - 8 poisoned darts (quivered)
 f - 22 stones
Armour
 e - a +0 leather armour
 k - a scarf of resistance (worn)
 l - a +0 ring mail (worn)
 o - a +0 buckler (worn)
Jewellery
 i - the ring "Xuxtaj" {rC- rN+ MP+9 Str+5}
   (You found it on level 2 of the Dungeon)

   [ring of positive energy]

   Str+5:     It affects your strength (+5).
   rC-:       It makes you vulnerable to cold.
   rN+:       It protects you from negative energy.
   MP+9:      It affects your magic capacity (+9).
Scrolls
 d - 4 scrolls of teleportation
 n - a scroll of identify {unknown}
Potions
 h - a potion of mutation
 m - a potion of brilliance


   Skills:
 - Level 2.5 Fighting
 - Level 2.0 Short Blades
 - Level 1.0 Throwing
 + Level 6.0 Stealth
 - Level 1.0 Spellcasting
 - Level 4.0 Conjurations


You had 5 spell levels left.
You didn't know any spells.
Your spell library contained the following spells:

 Spells                   Type           Power      Damage    Failure   Level
 Magic Dart               Conj           68%        1d6       13%         1
 Kiss of Death            Conj/Necr      36%        2d8       30%         1
 Iskenderun's Mystic Bla Conj/Tloc 9%             2d4        (+2d1     96%         4


Dungeon Overview and Level Annotations

Branches:
Dungeon (3/15)

Altars:
Elyvilon
Ignis

Shops:
D:1 [!=


Innate Abilities, Weirdness & Mutations

Your serpentine skin is tough. (AC +1)
You have supernaturally acute eyesight. (SInv)
Armour fits poorly on your strangely shaped body.
Your system is resistant to poisons. (rPois)
You cover ground very slowly.
You can spit poison.
You have a snake-like lower body.
You are partially covered in iridescent scales. (AC +2)
You are somewhat resistant to further mutation.
You occasionally lose the ability to read scrolls when taking damage.


Message History

* * * LOW HITPOINT WARNING * * *
The orc is burned by your cloak of flames.
You kill the orc!
The orc priest calls down the wrath of Beogh upon you.
Pain shoots through your body!
* * * LOW HITPOINT WARNING * * *
You take 11 damage, and have 2/40 hp.
MASSIVE DAMAGE!!
It was a potion of mutation.
You feel extremely strange.
You occasionally lose the ability to read scrolls when taking damage.
Iridescent scales grow over part of your body.
You feel genetically stable.
The orc wizard casts a spell.
The orc wizard flickers and vanishes for a moment.
It was a potion of brilliance.
You feel clever all of a sudden.
The orc priest hits you but does no damage.
The orc priest is burned by your cloak of flames.
The orc priest is moderately wounded.
Unknown command.
It was a potion of magic.
Magic courses through your body. The orc priest barely misses you.
It was a potion of berserk rage.
A red film seems to cover your vision as you go berserk!
You feel yourself moving faster!
You feel mighty! The orc priest barely misses you.
The orc priest begins to cast a cantrip, but forgets the words!
You now have 5/60 hp.
You barely miss the orc priest.
The orc priest is moderately wounded.
You hit the orc priest.
The orc priest is heavily wounded.
The orc priest barely misses you.
You closely miss the orc priest.
The orc priest is heavily wounded.
You puncture the orc priest!
You kill the orc priest!
The orc priest calls down the wrath of Beogh upon you.
Beogh smites you!
You die...
Ignis goes out, and joins you in death.

### #.. ..# #.# #o#
#######.# #o# ........#
#)# ........# #@#
........# #.#
........########.######
......................+
.......###.###.#.######
...............#.#
..........######.#
.....>...........#
.......####.######


You could see an orc priest and an orc wizard (invisible).

Vanquished Creatures
  An orc priest (D:3)
  3 gnolls (D:3)
  3 adders
  2 ribbon worms
  A dart slug (D:3)
  2 orcs (D:3)
  A ball python (D:1)
  5 bats
  3 endoplasms
  A giant cockroach (D:1)
  2 goblins (D:3)
  6 hobgoblins
  6 jackals
  3 kobolds (D:2)
  A quokka (D:3)
  2 frilled lizards (D:2)
  5 rats
47 creatures vanquished.

Notes
Turn   | Place    | Note
-------+----------+-------------------------------------------
     0 | D:1      | jasper the Naga Wanderer began the quest for the Orb.
     0 | D:1      | jasper set off with the following items: a +0 short sword,
                  | 11 poisoned darts, a +0 dagger, a scroll of teleportation,
                  | a +0 leather armour; and the following spells available to
                  | memorise: Magic Dart, Kiss of Death, Iskenderun's Mystic
                  | Blast.
     0 | D:1      | Reached XP level 1. HP: 18/18 MP: 2/2
    19 | D:1      | Found Eneag's Distillery.
   170 | D:1      | Found Uwasy's Jewellery Shoppe.
   204 | D:1      | Reached skill level 2 in Stealth
   385 | D:1      | Found Bontil's Armour Emporium.
   505 | D:1      | Reached XP level 2. HP: 25/25 MP: 3/3
   795 | D:1      | Found a white marble altar of Elyvilon.
   814 | D:2      | Found a faded altar of an unknown god.
   832 | D:2      | Prayed at the altar of an unknown god.
   832 | D:2      | Became a worshipper of Ignis, the Dying Flame
   889 | D:2      | Reached skill level 3 in Stealth
   952 | D:2      | Identified the ring "Xuxtaj" {rC- rN+ MP+9 Str+5}
  1081 | D:2      | Reached XP level 3. HP: 11/32 MP: 4/4
  1768 | D:2      | Reached skill level 4 in Stealth
  2072 | D:3      | Reached XP level 4. HP: 38/40 MP: 5/5
  2209 | D:1      | Bought a +0 buckler for 49 gold pieces
  2374 | D:3      | Reached skill level 5 in Stealth
  2722 | D:3      | Reached skill level 6 in Stealth
  2725 | D:3      | HP: 2/40 [orc priest/nerve-wracking pain (6)]
  2726 | D:3      | Gained mutation: You occasionally lose the ability to read
                  | scrolls when taking damage. [potion of mutation]
  2726 | D:3      | Gained mutation: You are partially covered in iridescent
                  | scales. (AC +2) [potion of mutation]
  2726 | D:3      | Gained mutation: You are somewhat resistant to further
                  | mutation. [potion of mutation]
  2733 | D:3      | Killed from afar by an orc priest

Illustrated notes

Levels and vault maps discovered:
D:1:      dpeg_arrival_lava_altar, layout_basic, serial_shops, shop,
          nicolae_shop_rolling_square, nicolae_shop_peninsula, minivault_25
D:2:      layout_basic, nicolae_ecumenical_pavilion
D:3:      layout_basic, minivault_23

Skill      XL: |  1  2  3  4 |
---------------+-------------+-----
Stealth        | 2 3 4 6 |  6.0
Fighting       | 2 |  2.5
Short Blades   | |  2.0
Throwing       | |  1.0
Spellcasting   | |  1.0
Conjurations   | |  4.0

Action                     |  1- 3 |  4- 6 || total
---------------------------+-------+-------++-------
  Melee: Short sword       |   103 |    25 ||   128
  Throw: Dart              |    27 |    14 ||    41
 Invoke: Fiery Armour      |       |     1 ||     1
Ability: Spit Poison       |    30 |     9 ||    39
    Use: Scroll            |     1 |       ||     1
         Potion            |       |     4 ||     4
 Armour: Leather armour    |    56 |       ||    56
         Ring mail         |    20 |    18 ||    38
  Dodge: Dodged            |    43 |    12 ||    55
  Block: Buckler           |       |     2 ||     2

Table legend: (Time is in decaauts)
 A = Elapsed time spent in this place.
 B = Non-inter-level travel time spent in this place.
 C = Inter-level travel time spent in this place.
 D = Time resting spent in this place.
 E = Time spent auto-exploring this place.
 F = Levels seen in this place.
 G = Mean time per level.
                   A        B        C        D        E       F      G
               +--------+--------+--------+--------+--------+-----+--------+
         Total |   3440 |   3106 |    334 |    111 |   2519 |   3 | 1146.7 |
       Dungeon |   3440 |   3106 |    334 |    111 |   2519 |   3 | 1146.7 |
               +--------+--------+--------+--------+--------+-----+--------+

Top non-repeatable levels by time:
     D:2: 1443 daAuts
     D:1: 1282 daAuts
     D:3: 714 daAuts
